AoeStats
← nightmare

Arena

510099400Analyzed
1v1 RM · 4d ago on Sep 29, 2026· 39m 36s· 2 players
Game mode
Random Map
Map size
Tiny (2 player)
Population
200
Speed
Normal
Resources
Standard
Victory
Conquest
Starting age
Dark Age
Ending age
Imperial Age
RankedLock teamsTeams togetherTeam positionsShared explorationLock speedFull tech treeHidden civsTurbo modeCheats
Victory
Defeat
🇷🇸 Hindustanis · Serbia
958
+16
🇹🇼 Franks · Taiwan
961
-16
nightmare
10:56 Feudal Age
12:45 Feudal Age
13:37 Double-Bit Axe
13:35 Horse Collar
16:22 Castle Age
15:16 Forging
16:05 Scale Mail Armor
19:08 Pikeman
23:28 Wheelbarrow
23:53 Squires
25:46 Bow Saw
29:58 Imperial Age
27:53 Town Watch
29:39 Gold Mining
29:55 Town Patrol
35:17 Chemistry
33:48 Crossbowman
34:34 Thumb Ring
37:38 Hand Cart
39:29 Fletching
40:15 Iron Casting
40:25 Bloodlines
davidlien0714
6:23 Loom
9:18 Feudal Age
9:47 Double-Bit Axe
16:39 Castle Age
15:55 Forging
16:53 Scale Barding Armor
27:25 Imperial Age
26:14 Pikeman
28:29 Iron Casting
29:21 Squires
31:50 Cavalier
Connection lost

Rejoining the realm…

Still unreachable

The connection could not be restored.

Session expired

The server has moved on; the page needs a fresh start.